[Event "Superbet Blitz Poland 2023"]
[Site "Warsaw"]
[Date "2023.05.25"]
[Round "11"]
[White "Wojtaszek, Radoslaw"]
[Black "Deac, Bogdan-Daniel"]
[Result "1/2-1/2"]
[ECO "A29"]
[WhiteElo "2670"]
[BlackElo "2700"]
[Annotator "TA"]
[PlyCount "96"]
[EventDate "2023.05.24"]
[EventType "tourn"]
[EventCountry "POL"]
[SourceTitle "playchess.com"]
[Source "ChessBase"]
[SourceQuality "1"]
[TimeControl "300+2"]

1. c4 Nf6 2. Nc3 e5 3. Nf3 Nc6 4. g3 d5 5. cxd5 Nxd5 6. Bg2 Bc5 {[%emt 0:00:12] A29: English Opening: Four Knights Variation with 4 g3.} 7. O-O O-O 8. Qc2 {[%emt 0:00:03] And now Nxd5 would win.} Nf6 9. a3 a5 10. e3 {[%emt 0:00:02][%cal Of3e5] [#]} Bd6 $146 ({Predecessor:} 10... Qe7 11. b3 Rd8 12. Bb2 h6 13. Ne4 Nxe4 14. Qxe4 Bd6 15. Qc2 Be6 16. d3 Rd7 {1-0 Sarana,A (2668)-Svane,R (2619) Speed Chess Q1 blitz 2022 (8)}) 11. b3 Re8 12. Bb2 h6 13. Nh4 Bf8 14. Rac1 Be6 15. h3 (15. Nb5 $11 {keeps the balance.}) 15... Nd7 (15... Qd7 $17) 16. Na4 Nb6 17. Nf3 {[%emt 0:00:12] [#]} e4 $1 {[%emt 0:00:58] Strongly threatening ...Nxa4.} 18. Nd4 (18. Qxe4 $2 {is the wrong capture.} Bxb3 19. Qb1 Bxa4 $19) (18. Nh4 Nxa4) 18... Nxd4 19. Bxd4 Nxa4 20. bxa4 Bd5 (20... Bxa3 $15 21. Ra1 Bb4) 21. Qxc7 $11 Bxa3 22. Qxd8 Rexd8 23. Rc2 Rac8 24. Rxc8 Rxc8 25. d3 f5 26. g4 g6 27. dxe4 Bxe4 28. gxf5 gxf5 29. Bxe4 fxe4 {[%emt 0:00:01][%mdl 4096] Endgame KRB-KRB} 30. Bb6 Rc6 (30... Rc4 $11) 31. Bxa5 $14 Ra6 32. Bc3 ({Better is} 32. Bd2 $16) 32... Rxa4 $11 33. Rb1 Rc4 34. Rb3 Bc5 (34... Bf8 $11) 35. Ba5 $1 $14 Ra4 {[%emt 0:00:03] [#] Threatens to win with ...Ra1+.} 36. Rb5 $1 Bd6 37. Bc3 Rc4 38. Bd4 Rc7 39. Rb6 Rd7 40. Rb5 (40. Kg2 $14) 40... Kf7 (40... Rc7 $1 $11 {feels stronger.}) 41. Kg2 Ke6 42. Rh5 Rh7 43. Kf1 Bc7 44. Ke2 Bd6 45. Rb5 Rc7 46. Rh5 Rh7 ({Don't take} 46... Rc2+ 47. Kf1 $14) 47. Rb5 Rc7 48. Rh5 Rh7 {[%emt 0:00:02] Weighted Error Value: White=0.14 (very precise) /Black=0.13 (very precise)} ({Resist} 48... Rc2+ 49. Kf1 $16) 1/2-1/2

[Event "Superbet Blitz Poland 2023"]
[Site "Warsaw"]
[Date "2023.05.25"]
[Round "12"]
[White "So, Wesley"]
[Black "Rapport, Richard"]
[Result "1/2-1/2"]
[ECO "A70"]
[WhiteElo "2760"]
[BlackElo "2745"]
[Annotator "TA"]
[PlyCount "120"]
[EventDate "2023.05.24"]
[EventType "tourn"]
[EventCountry "POL"]
[SourceTitle "playchess.com"]
[Source "ChessBase"]
[SourceQuality "1"]
[TimeControl "300+2"]

1. d4 Nf6 2. c4 c5 3. d5 e6 4. Nc3 exd5 5. cxd5 d6 6. e4 g6 7. Nf3 a6 8. a4 Bg4 9. Be2 Bxf3 10. Bxf3 Bg7 11. O-O Nbd7 12. Be2 O-O 13. Qc2 {[%emt 0:00:01] A70: Modern Benoni: 6 e4 g6 7 Nf3.} Re8 14. Rb1 Qc7 {[%emt 0:00:13] [#]} (14... Rc8 $11) 15. b3 $146 {[%emt 0:00:06] White is slightly better.} ({Predecessor:} 15. Bg5 Rac8 16. Bf4 Re7 17. Kh1 h6 18. Bc4 g5 19. Bg3 Rce8 20. Rbe1 Nh5 21. Qd1 Nxg3+ 22. fxg3 {0-1 Redondo Bella,X (1910)-Boada Barbe,A (1995) Terrassa op-B 1996 (2)}) 15... Rab8 16. Re1 Ne5 17. Bb2 c4 18. Bf1 b5 19. axb5 axb5 20. bxc4 bxc4 21. Ba3 {[%emt 0:00:07] Nb5 would be deadly.} Nfd7 {[%emt 0:01:03][%cal Oe5d3] And now ...Nd3! would win.} (21... Nfg4 {feels hotter.} 22. h3 Nd3 23. hxg4 Nxe1 24. Rxe1 Qa5) 22. Rxb8 (22. Nb5 Qa5 23. Bb4 Qxb5 $17) 22... Rxb8 23. Rb1 Rxb1 24. Qxb1 {[%emt 0:00:06] [#]} Nf3+ 25. gxf3 Bxc3 26. Qc1 {[%emt 0:00:12] Dodges Bd2} Qa5 (26... Be5 $14 {was preferrable.}) 27. Bxd6 $16 Be5 28. Be7 (28. Bxe5 $16 Nxe5 29. f4 (29. Bxc4 Qc5 $14) 29... Nf3+ 30. Kg2) 28... c3 $11 29. Bg5 Bd4 {[%emt 0:00:10] Threatening ...Qa2.} 30. Qc2 {[%emt 0:00:18] Wards off Qa2} Ne5 (30... Qb6 $5 31. Kg2 Qb2 $11) 31. Kg2 Qb4 {[%emt 0:00:02] Threatens to win with ...Qb2.} 32. Bc1 {[%emt 0:00:06] Dodges Qb2} Qe7 {[%emt 0:00:09] [#]} (32... Bc5 $11) 33. Qd1 (33. f4 $1 $16 Ng4 34. Qd3 (34. f3 $2 Qh4 $19)) 33... Qc5 (33... Ba7 $11) 34. Qc2 Qe7 {[%emt 0:00:08] [#]} 35. Qd1 (35. f4 $1 $16 Ng4 36. Qd3 (36. f3 $2 Qh4 $19)) 35... Bc5 (35... Qc5 $11 {keeps the balance.}) 36. f4 (36. Qb3 $16) 36... Qh4 37. fxe5 Qxf2+ 38. Kh3 Be3 $1 {[%emt 0:00:14] ...Bxc1 is the strong threat.} 39. d6 {[%emt 0:00:23] aiming for d7.} c2 40. Qe2 {[%emt 0:00:02] The position is equal.} Qxe2 41. Bxe2 Bxc1 {[%emt 0:00:01][%mdl 4096] Endgame KB-KB} 42. Bd3 Bf4 43. Bxc2 Bxe5 44. d7 Bc7 45. e5 Kf8 46. e6 fxe6 (46... f5 {looks sharper.} 47. Bb3 Ke7 48. Bc4 g5) 47. Kg4 Bd8 (47... Bxh2 {is a self mate.} 48. d8=Q+ (48. d8=B Kg7 $14) 48... Kf7 49. Kg5) 48. h4 h5+ 49. Kh3 Kf7 50. Bd3 Kf6 51. Bc2 g5 52. hxg5+ Kxg5 53. Bb3 e5 54. Bc2 Kf4 55. Bg6 e4 56. Bxh5 Ke5 57. Be2 $1 Kd6 58. Bg4 e3 59. Kh2 e2 {[%emt 0:00:01][%mdl 64] Deflection} 60. Bxe2 Kxd7 {Weighted Error Value: White=0.19 (very precise) /Black=0.14 (very precise)} 1/2-1/2

[Event "Superbet Blitz Poland 2023"]
[Site "Warsaw"]
[Date "2023.05.25"]
[Round "12"]
[White "Vachier-Lagrave, Maxime"]
[Black "Giri, Anish"]
[Result "1-0"]
[ECO "B90"]
[WhiteElo "2742"]
[BlackElo "2768"]
[Annotator "TA"]
[PlyCount "87"]
[EventDate "2023.05.24"]
[EventType "tourn"]
[EventCountry "POL"]
[SourceTitle "playchess.com"]
[Source "ChessBase"]
[SourceQuality "1"]
[TimeControl "300+2"]

1. e4 c5 2. Nf3 d6 3. d4 cxd4 4. Nxd4 Nf6 5. Nc3 a6 6. Bd3 e5 7. Nde2 Nc6 {[%emt 0:00:01] B90: Sicilian Najdorf: Unusual White 6th moves, 6 Be3 Ng4 and 6 Be3 e5.} 8. Nd5 $5 {[%emt 0:00:02][%mdl 4] Exploring less charted territory.} Nxd5 9. exd5 Nb4 {[%emt 0:00:01] [#] The position is equal.} 10. Bc4 $5 $146 {[%emt 0:00:26][%mdl 8] An interesting novelty.} ({Predecessor:} 10. Be4 a5 11. c3 Na6 12. Bc2 g6 13. h4 h5 14. Bg5 Be7 15. Qd2 Nc5 16. c4 {0-1 Vachier Lagrave,M (2784)-Nepomniachtchi,I (2784) Airthings Masters Prelim rapid 2020 (4)}) 10... Bf5 11. Bb3 {[%emt 0:00:02] [#] aiming for Ng3.} a5 {[%emt 0:00:09][%cal Ba6a5,Ba5a4][%mdl 32] ...a4 is the strong threat.} 12. Ng3 Bd7 13. c3 a4 14. Bc4 (14. cxb4 $5 axb3 15. Qxb3 $11) 14... b5 15. Be2 Na6 16. O-O Be7 17. f4 exf4 18. Nh5 (18. Qd4 $2 fxg3 19. Qxg7 Qb6+ 20. Kh1 O-O-O 21. Qxg3 Rhg8 $17) 18... Qb6+ 19. Kh1 g6 20. Nxf4 O-O 21. Qd3 Nc5 22. Qd4 {[%emt 0:00:01][%cal Of4h5] Hoping for Nh5!} Qd8 23. Nd3 Nxd3 (23... f5 $5) 24. Bxd3 {[%emt 0:00:02] Strongly threatening Bh6.} f5 25. Bf4 Rf7 26. Rae1 Bf8 27. Re3 Rb8 28. Re2 Qb6 (28... g5 $15 29. Bd2 f4) 29. Qb4 Qc7 30. Rfe1 Rb7 31. Re6 Rb6 32. Be3 Rb8 33. Bg5 Qc5 (33... Bxe6 34. dxe6 Rg7 35. Bxb5 $14) (33... Qb7 $1 $15 34. Qd4 (34. Rxd6 Re8 $17) 34... Rc8) 34. Qxc5 $11 dxc5 35. Ra6 $36 {[%emt 0:00:01][%mdl 2048] White has the initiative.} c4 36. Bc2 f4 37. d6 Bf5 (37... Kg7 $11) 38. Bd1 {[%emt 0:00:08] White is more active.} ({White must play} 38. Bxf5 $16 Rxf5 39. d7) 38... Rd7 (38... h6 $1 $11 {remains equal.} 39. Be7 (39. Bxf4 Bc8 $11) 39... Bxe7 40. dxe7 Re8) 39. Bxf4 $16 {[%emt 0:00:02] Threatens to win with Bf3.} Rbd8 {[%emt 0:00:04] Black is weak on the dark squares} (39... g5 $16 40. Be5 (40. Bxg5 Rxd6 41. Rxd6 Bxd6 $16) 40... g4) 40. Bf3 $18 ({Resist} 40. g4 $6 Bd3 $16) 40... Bxd6 {[%emt 0:00:01] [#]} 41. Bg5 Rb8 $2 (41... Rc8 {was called for.} 42. Bc6 Rxc6 43. Rxc6 a3 44. bxa3 Be5 {[%mdl 64] Back Rank}) 42. Bc6 (42. g4 $142) 42... Rdd8 $2 (42... Bc5 43. Bf4 Rbd8 44. Bxd7 (44. Bxb5 $2 Rd1 $19) 44... Rxd7) 43. Bxd8 Rxd8 44. Bxb5 {[%emt 0:00:03] Weighted Error Value: White=0.21 (precise) /Black=0.36} 1-0

[Event "Superbet Blitz Poland 2023"]
[Site "Warsaw"]
[Date "2023.05.25"]
[Round "12"]
[White "Duda, Jan-Krzysztof"]
[Black "Aronian, Levon"]
[Result "0-1"]
[ECO "D00"]
[WhiteElo "2724"]
[BlackElo "2745"]
[Annotator "TA"]
[PlyCount "100"]
[EventDate "2023.05.24"]
[EventType "tourn"]
[EventCountry "POL"]
[SourceTitle "playchess.com"]
[Source "ChessBase"]
[SourceQuality "1"]
[TimeControl "300+2"]

1. d4 Nf6 2. Bg5 d5 3. e3 c5 4. Bxf6 gxf6 5. dxc5 Nc6 6. Nf3 {[%emt 0:00:03] D00: 1 d4 d5: Unusual lines.} e6 7. c4 dxc4 8. Nbd2 {[%emt 0:00:02] The position is equal.} c3 9. bxc3 Bxc5 {[%emt 0:00:01] [#]} 10. Rb1 $146 ({Predecessor:} 10. Be2 f5 11. O-O Be7 12. Qc2 O-O 13. Rfd1 Qc7 14. e4 f4 15. Nb3 Bf6 16. Nbd4 Nxd4 17. Nxd4 {1-0 Moiseenko,A (2670)-Deac,B (2576) Titled Tuesday intern Qual4 25th April blitz 2017 (9)}) 10... O-O 11. Qa4 Kh8 12. Be2 f5 13. O-O Qf6 14. Nd4 Ne5 15. f4 Ng6 16. Bf3 Rb8 17. g3 e5 (17... b5 $5 18. Qc2 (18. Rxb5 $2 Bd7 $19) 18... Bd7 $11) 18. fxe5 Nxe5 19. Qb5 b6 20. Qe2 (20. Rbe1 $5 ) 20... Be6 {[%emt 0:00:13] [#]} 21. Be4 $1 Qg5 (21... Rbe8 $11) (21... Ng6 22. Bxf5) 22. Bxf5 $16 Bxa2 23. Ne4 Bc4 $1 24. Qd2 (24. Nxg5 $14 Bxe2 25. Nxh7 (25. Nxe2 Bxe3+ 26. Kh1 Bxg5 $15) 25... Bxf1 26. Nxf8) 24... Qe7 25. Rf4 Rbd8 26. Qg2 {[%emt 0:00:12] Black must now prevent Qh3.} (26. Qd1 $5 f6 27. Qh5 $11) 26... Be6 (26... Ng6 $11 {deserves consideration.} 27. Qh3 Bd5) 27. Rbf1 (27. Bxe6 $14 fxe6 28. Nxc5 Qxc5 29. Qe4 (29. Nxe6 Qxe3+ 30. Qf2 Qxf2+ 31. Kxf2 Ng4+ 32. Kg2 Rxf4 $11)) 27... Bxf5 (27... Ng6 $1 $11) 28. Nxf5 Qe6 (28... Qb7 $16 {was called for.}) 29. Nd4 {[%emt 0:00:15] Excellent horsemanship.} (29. Rh4 $142) 29... Qh6 {[%emt 0:00:25] Against Ng5} (29... Qe7 {was necessary.} 30. Nf6 Rd6) 30. Kh1 {[%emt 0:00:01] And now Rh4 would win.} Ng6 {[%emt 0:00:11] Inhibits Rh4.} 31. R4f3 {[%emt 0:00:03] Nf5 would be deadly.} (31. Rxf7 Qxe3 32. Nf5 (32. Rxa7 Rxf1+ {[%mdl 64] Deflection} 33. Qxf1 Qxe4+ $19) 32... Qd3 33. Rxa7 (33. Ng5 Rd7 $11) 33... Rde8 34. Nxc5 bxc5 $14) 31... Ne5 (31... Ne7 $16) 32. Nf5 $2 (32. Rf5 $18 Nc4 33. Rf6 (33. Rxf7 Nxe3 34. Qd2 Rxf7 $15)) 32... Qc6 $11 33. Rf4 Ng6 34. Rg4 Rde8 (34... Ne7 $11 35. Nxc5 Qxc5) 35. Nh6 (35. Nxc5 $1 $16 Qxc5 36. Qh3) 35... Ne5 $36 {[%emt 0:00:07][%cal Oe5g4][%mdl 2048] Black has some pressure.} 36. Rh4 {[%emt 0:00:04] aiming for Nf6.} (36. Rf6 Re6 37. Rxe6 Qxe6 38. Nxc5 Qxh6 $19) 36... Ng6 $2 (36... Re6 $11 37. Nf5 Ng6 38. Rxh7+ {[%mdl 64] Decoy} (38. Rg4 Ne5 $11) 38... Kxh7 39. Qh3+ Kg8 40. Nh6+ Kh8 41. Nf5+ Kg8 42. Nh6+ Kh8 43. Nf5+ Kg8) 37. Rg4 $2 ({White has to play} 37. Nxf7+ $18 Kg8 38. Nf6+ {[%mdl 64] Discovered Attack} Qxf6 39. Rxf6 Rxf7 40. Rxf7 {[%mdl 64] Remove Defender} Kxf7 41. Rxh7+ Kg8 42. Rxa7) 37... Ne5 (37... f6 {simplifies} 38. Nxc5 Qxc5 39. Nf5 Re5) 38. Rf6 $2 (38. Rh4 $1 $11 Re6 39. Nf5) 38... Qd5 (38... Re6 $1 $19 {[%cal Re6f6] is more deadly.} 39. Rxe6 Qxe6 {[%mdl 64] Trapped Piece} 40. Nxc5 Qxh6) 39. Rh4 (39. c4 $142 Nxc4 40. Rf5) 39... Ng6 $1 $17 (39... Bxe3 40. Nd6 Qd1+ 41. Qf1 Qxf1+ 42. Rxf1 $17) 40. Rg4 Ne5 (40... Bxe3 $17 41. Ng5 Qd7) 41. Rg5 $2 (41. Rh4 $1 $11 {and White has nothing to worry.}) 41... Qd1+ $2 (41... Bxe3 $19 42. Rgf5 Qd3) 42. Rf1 $14 Qd5 {[%emt 0:00:02] [#]} ({Black should play} 42... Qd3 $14) 43. Nf6 $2 ({White must play} 43. Ng4 $1 $18 {[%cal Rg4f6] Strongly threatening Ngf6.} f5 44. Ngf6 (44. Rgxf5 Rxf5 45. Rxf5 Qd1+ 46. Rf1 Qxg4 $17) 44... Rxf6 45. Nxf6 Qxg2+ 46. Kxg2) 43... Qxg2+ $11 44. Kxg2 Re6 ({Don't do} 44... Bxe3 45. Rh5 Kg7 46. Nxe8+ Rxe8 47. Nf5+ Kg6 48. Rh4 $16) 45. e4 (45. Nd7 $11 Nxd7 46. Nxf7+ Rxf7 47. Rxf7) 45... Be7 $1 $15 46. Rgf5 {[%emt 0:00:02][%mdl 8192] [#]} (46. Rxe5 $17 Rxe5 47. Nd7 Rxe4 48. Nxf8 Bxf8 49. Nxf7+ Kg7 50. Nd8) 46... Bxf6 $1 $19 {[%emt 0:00:00] Black is clearly winning.} 47. Rxf6 Kg7 48. Rxe6 fxe6 49. Rxf8 Kxf8 50. g4 a5 {[%emt 0:00:01] Weighted Error Value: White=0.89/Black=0.42} 0-1

[Event "Superbet Blitz Poland 2023"]
[Site "Warsaw"]
[Date "2023.05.25"]
[Round "12"]
[White "Deac, Bogdan-Daniel"]
[Black "Carlsen, Magnus"]
[Result "1/2-1/2"]
[ECO "A40"]
[WhiteElo "2700"]
[BlackElo "2853"]
[Annotator "TA"]
[PlyCount "123"]
[EventDate "2023.05.24"]
[EventType "tourn"]
[EventCountry "POL"]
[SourceTitle "playchess.com"]
[Source "ChessBase"]
[SourceQuality "1"]
[TimeControl "300+2"]

1. d4 b5 2. e4 Bb7 3. Bxb5 Bxe4 4. Nf3 c6 5. Be2 e6 6. O-O {[%emt 0:00:11] A40: Unusual replies to 1 d4.} Bxf3 7. Bxf3 d5 {[%emt 0:00:07] [#]} 8. c4 $1 {[%emt 0:00:14] [#] White is slightly better.} Nd7 $146 (8... Bd6 9. g3) ({Predecessor:} 8... Nf6 9. Qa4 Nfd7 10. Qc2 Be7 11. a3 a5 12. Be3 O-O 13. g3 Bf6 14. Rd1 Nb6 {1-0 Labeckas,K (2265)-Zapolskis,A (2351) Baltija Cup Palanga 2008 (3)}) 9. Re1 Ngf6 10. Nc3 Be7 11. c5 a5 12. a3 O-O 13. Rb1 Ne8 14. b4 axb4 15. axb4 ({But not} 15. Rxb4 e5 $15) 15... Nc7 16. b5 cxb5 17. Bf4 {[%emt 0:00:33] Bxc7 would be deadly.} Bf6 18. Nxb5 Nxb5 19. Rxb5 Nb8 20. Rb6 Qc8 21. Be3 Nc6 22. Be2 Qc7 23. Bb5 (23. g3 $14) 23... Ne7 $11 24. g3 Nf5 25. Bd3 {[%emt 0:00:03] Bxf5 is the strong threat.} Nxe3 26. fxe3 g6 27. Qe2 Ra3 28. Reb1 Qa7 29. Kg2 Qa5 30. R6b5 Qc3 31. Rd1 Rfa8 {[%emt 0:00:01] And now ...Ra2 would win.} 32. Rb2 {[%emt 0:00:02] Dodges Ra2} Bg5 33. Rc2 Qa5 (33... Qb4 $5) 34. c6 Rc8 35. e4 Ra4 36. exd5 exd5 $2 (36... Qxd5+ $11 {and Black is okay.} 37. Be4 Qd6) 37. Qe5 $2 (37. Qg4 $18 Qd8 38. c7 {[%mdl 64] Deflection} Rxc7 39. Rxc7 Qxc7 40. Qxg5) 37... Qd8 (37... Bh6 $16 {is a better defense.}) 38. Rf1 $2 (38. c7 $18 {has better winning chances.} Qf6 39. Qxf6 (39. Qxd5 Rxd4 40. Qb7 Qe6 $16) 39... Bxf6 40. Rb1) 38... Ra7 {[%emt 0:00:03] [#]} 39. h4 {[%emt 0:00:02] White is much more active.} (39. Rc5 $1 $16 Bh6 40. Rxd5) 39... Bh6 {[%cal Bg5h6,Bh6g7,Bg7f6][%mdl 32] The position is equal.} 40. Qf6 Bg7 41. Qxd8+ {[%emt 0:00:01][%mdl 64] Remove Defender} Rxd8 42. Rd1 Rc7 43. Be2 Rd6 44. Bb5 h5 45. Re2 Bf6 46. Re8+ Kg7 47. Rb8 Re6 48. Rb7 Ree7 49. Rxc7 Rxc7 {[%emt 0:00:00][%mdl 4096] Endgame KRB-KRB} 50. Rc1 Be7 51. Rb1 Bd6 52. Ra1 Rc8 53. Ra7 Rc7 54. Ra8 Kf6 55. Rd8 Ke7 56. Rd7+ Rxd7 57. cxd7 {[%emt 0:00:01] KB-KB} Bc7 58. Bc6 Kd6 59. Ba4 Ke6 60. Bc6 Kd6 61. Ba4 Ke6 62. Bc6 {[%emt 0:00:01] Weighted Error Value: White=0.21 (precise) /Black=0.17 (very precise)} 1/2-1/2

[Event "Superbet Blitz Poland 2023"]
[Site "Warsaw"]
[Date "2023.05.25"]
[Round "12"]
[White "Shevchenko, Kirill"]
[Black "Wojtaszek, Radoslaw"]
[Result "1-0"]
[ECO "C77"]
[WhiteElo "2684"]
[BlackElo "2670"]
[Annotator "TA"]
[PlyCount "103"]
[EventDate "2023.05.24"]
[EventType "tourn"]
[EventCountry "POL"]
[SourceTitle "playchess.com"]
[Source "ChessBase"]
[SourceQuality "1"]
[TimeControl "300+2"]

1. e4 e5 2. Nf3 Nc6 3. Bb5 a6 4. Ba4 Nf6 5. Nc3 Be7 6. d3 b5 7. Bb3 d6 8. a3 {[%emt 0:00:02] C77: Ruy Lopez: 3...a6 4 Ba4 Nf6, unusual lines.} O-O 9. h3 Be6 10. Nd5 {[%emt 0:00:03] The position is equal.} Re8 11. O-O Qd7 12. Bd2 Bxd5 13. exd5 Nd4 14. Nxd4 exd4 15. Qf3 {[%emt 0:00:08] [#]} Bf8 $146 (15... Qc8 $14) ({Predecessor:} 15... h6 16. Rfe1 Nh7 17. a4 Bg5 18. Rxe8+ Rxe8 19. Bxg5 Nxg5 20. Qd1 b4 21. Bc4 a5 {½-½ Quintero,R (1863)-Leurette,M (1599) FICGS rapid C 000236 email 2020 (1)}) 16. a4 h6 17. Qf4 Re2 18. Rfd1 Rae8 19. axb5 axb5 20. Qxd4 Qf5 {[%emt 0:00:01] [#]} 21. Qf4 (21. Re1 $1 $16 ) 21... Qh5 $14 22. Qd4 (22. Re1 $14) 22... R8e5 (22... Qf5 $1 $11) 23. Bf4 $16 Re8 24. Rf1 Nd7 25. c4 ({White should play} 25. Qb4 $16) 25... Qg6 (25... g5 $1 $14 26. Be3 Bg7) 26. Bd1 $36 {[%emt 0:00:04][%cal Bb3d1,Bd1f3,Bf3e4][%mdl 2080] White is on the roll.} (26. cxb5 Ne5 27. Bxe5 R2xe5) 26... R2e7 27. cxb5 Ne5 28. Bxe5 Rxe5 29. Bf3 Be7 (29... R5e7 $16 {was called for.} 30. Ra7 Rb8) 30. Rac1 (30. Be4 $18 Qf6 31. f4) 30... Bd8 $16 31. Be4 Qh5 32. Bf3 Qg6 33. Kh1 h5 34. Be4 f5 {[%emt 0:00:01] [#]} 35. Bf3 h4 36. Qc3 Qg5 (36... Bg5 $142) 37. d4 (37. Kg1 $142) 37... R5e7 38. Rce1 (38. Kg1 $16) 38... Rxe1 $11 39. Rxe1 Rxe1+ 40. Qxe1 {[%emt 0:00:01][%mdl 4096] Endgame KQB-KQB} Bf6 41. Qc3 Qf4 42. Qxc7 {[%emt 0:00:01] Strongly threatening b6.} Bxd4 43. b6 {[%emt 0:00:15] Hoping for b7.} Be5 44. Kg1 {[%emt 0:00:01] And now b7 would win.} Qb4 $2 (44... Qh2+ $1 $11 45. Kf1 Qh1+ 46. Ke2 Qb1) 45. Be2 ({White should try} 45. Kf1 $18 Qxb2 46. Qc8+ Kh7 47. Qxf5+ g6 48. Qf7+ Kh8 49. Be4 (49. Qxg6 Qa1+ 50. Ke2 Qb2+ 51. Kf1 Qc1+ 52. Ke2 Qb2+ 53. Kf1 $11) 49... Qxb6 50. Qxg6) 45... Bd4 $2 (45... Kh7 $16) 46. Qc8+ $18 (46. b7 {leads to mate.} Qe1+ 47. Kh2 Be5+ 48. f4 Bxf4+ 49. g3 Qxg3+ 50. Kh1 Qh2#) 46... Kh7 47. Qxf5+ g6 48. Qf7+ Kh6 49. Qf4+ Kg7 50. b7 {[%emt 0:00:03][%cal Of4d4] Black must now prevent Qxd4+!} ({Weaker is} 50. Qxh4 Qe1+ 51. Bf1 Bxb6 $18) 50... Qe1+ 51. Bf1 Be5 {[%emt 0:00:01] [#]} (51... Ba7 $18 52. Qxh4 (52. Qxd6 $2 {gets mated.} Qxf2+ 53. Kh2 Qg1#) 52... Qe8) 52. Qxe5+ $3 {[%emt 0:00:02][%mdl 512] Weighted Error Value: White=0.35/Black=0.40} 1-0

[Event "Superbet Blitz Poland 2023"]
[Site "Warsaw"]
[Date "2023.05.25"]
[Round "13"]
[White "Carlsen, Magnus"]
[Black "Wojtaszek, Radoslaw"]
[Result "1-0"]
[ECO "A28"]
[WhiteElo "2853"]
[BlackElo "2670"]
[Annotator "TA"]
[PlyCount "91"]
[EventDate "2023.05.24"]
[EventType "tourn"]
[EventCountry "POL"]
[SourceTitle "playchess.com"]
[Source "ChessBase"]
[SourceQuality "1"]
[TimeControl "300+2"]

1. c4 Nf6 2. Nc3 e5 3. Nf3 Nc6 4. d4 exd4 5. Nxd4 Bb4 6. g3 O-O 7. Bg2 $1 {[%emt 0:00:02] A28: English Opening: Four Knights Variation.} Ne5 8. Qb3 $1 Bc5 9. Nc2 {[%emt 0:00:02] The position is equal.} d6 10. Na4 Bb6 11. Nxb6 axb6 12. Qc3 Re8 13. O-O {[%emt 0:00:05] [#]} Be6 $146 (13... Nc6 $11 {keeps the balance.}) ({Predecessor:} 13... d5 14. cxd5 Nxd5 15. Qd4 Nf6 16. Qxd8 Rxd8 17. Bf4 Re8 18. Nd4 c6 19. a4 Bd7 {½-½ Artemiev,V (2701)-Lazavik,D (2544) RUS-chT 30th 2023 (2.1)}) 14. b3 Qc8 15. Bg5 {[%emt 0:00:06] This pair of bishops is nice.} Ned7 16. Nd4 h6 17. Be3 Bg4 18. f3 Bh5 19. Rfe1 Bg6 20. Bf2 Nc5 21. e4 Nfd7 22. a4 Ne5 23. Rad1 Nc6 24. Nb5 Na7 25. Nd4 $40 {[%emt 0:00:20][%cal Bb5d4,Bd4c2,Bc2e3,Be3d5,Bd5f4][%mdl 160] White is up to no good. White is much more active.} Nc6 26. Nc2 Na5 {[%emt 0:00:21] [#]} 27. Rb1 Qd7 28. Ne3 Nc6 29. Nd5 Ne7 30. Nf4 Bh7 31. Rbd1 Nc6 32. Nd5 Rad8 {[%emt 0:00:05] [#] This move loses the game for Black.} (32... Qd8 $16) 33. a5 $1 $18 {[%emt 0:00:13][%mdl 576] Deflection} bxa5 (33... Ne7 34. Nf4) 34. Bxc5 dxc5 {[%emt 0:00:02] [#]} 35. Nf6+ $1 {[%emt 0:00:01][%mdl 576] Discovered Attack} gxf6 36. Rxd7 Rxd7 37. Qxf6 Rd6 38. Qh4 Nd4 39. f4 Nc2 (39... Rde6 $142 40. Qg4+ Kf8) 40. e5 {[%emt 0:00:18][%mdl 64] Discovered Attack} Rd2 {[%emt 0:00:01] [#]} 41. Re2 {[%emt 0:00:19][%mdl 576] Decoy. White is clearly winning.} Rd1+ (41... Rxe2 42. Qg4+) 42. Kf2 Nd4 43. Rb2 {[%emt 0:00:01] Black must now prevent Qg4+.} Rc1 44. Qxh6 Ne6 45. g4 {[%emt 0:00:07] aiming for f5.} Rd8 46. f5 {[%emt 0:00:02] Artfully played by Carlsen.   Weighted Error Value: White=0.08 (flawless) /Black=0.38} 1-0